 Dungeon Crawl Stone Soup version 0.21.1-1-g345015f (webtiles) character file.

175 Psiloshibe the Slasher (level 5, -1/43 HPs)
             Began as a Barachi Berserker on Apr 28, 2018.
             Was a Believer of Trog.
             Killed by nerve-wracking pain
             ... invoked by Grinder
              (13 damage)
             ... on level 3 of the Dungeon.
             The game lasted 00:05:40 (1550 turns).

Psiloshibe the Slasher (Barachi Berserker)          Turns: 1550, Time: 00:05:40

Health: -1/43      AC:  9    Str: 18    XL:     5   Next: 55%
Magic:  5/5        EV:  7    Int:  7    God:    Trog [**....]
Gold:   88         SH:  7    Dex: 13    Spells: 4/4 levels left

rFire    + . .     SeeInvis .   a - +0 falchion
rCold    . . .     Gourm    .   e - +0 shield
rNeg     . . .     Faith    .   b - +0 chain mail
rPois    .         Spirit   .   (no helmet)
rElec    .         Reflect  .   (no cloak)
rCorr    .         Harm     .   (no gloves)
MR       .....                  (no boots)
Stlth    ..........             (no amulet)
HPRegen  0.14/turn              g - +2 ring of evasion
MPRegen  0.09/turn              l - ring of protection from fire

@: slow
A: +LOS, swims, slowness 1, strong legs 1
a: Hop, Berserk, Trog's Hand, Burn Spellbooks, Renounce Religion


You were on level 3 of the Dungeon.
You worshipped Trog.
Trog was pleased with you.
You were not hungry.

You visited 1 branch of the dungeon, and saw 3 of its levels.

You collected 88 gold pieces.

Inventory:

Hand Weapons
 a - a +0 falchion (weapon)
 h - a +0 dagger of flaming
Armour
 b - a +0 chain mail (worn)
 e - a +0 shield (worn)
Jewellery
 g - a +2 ring of evasion (left hand)
 l - a ring of protection from fire (right hand)
Scrolls
 d - 2 scrolls of identify {unknown}
 f - a scroll of noise {unknown}
 j - 2 scrolls of fog {unknown}
 k - 2 scrolls of fear {unknown}
Potions
 i - 2 potions of magic {unknown}
Comestibles
 c - 3 rations


   Skills:
 * Level 4.6 Fighting
 * Level 5.5 Long Blades
 * Level 3.5 Armour
 + Level 3.0 Dodging
 + Level 0.3 Stealth
 + Level 0.4 Shields


You had 4 spell levels left.
You didn't know any spells.

Dungeon Overview and Level Annotations

Branches:
Dungeon (3/15)

Altars:
Wu Jian

Annotations:
D:3 Grinder


Innate Abilities, Weirdness & Mutations

Shadows flee at your approach. (+LOS)
You can swim through water.
You cover ground slowly.
You can hop short distances.


Message History

You hit the orc but do no damage.
The orc is severely wounded.
The orc closely misses you.
You hit the orc.
You kill the orc!
Trog accepts your kill.
You hit Grinder.
Grinder is lightly wounded.
Grinder hits you.
You writhe in agony.
Grinder gestures at you. Pain shoots through your body!
Your shield and chain mail prevent you from hitting Grinder.
Grinder is lightly wounded.
Grinder hits you.
You writhe in agony.
* * * LOW HITPOINT WARNING * * *
You hit Grinder.
Grinder is moderately wounded.
Grinder gestures at you. Pain shoots through your body!
You die...

#....<......<..#
#..............#
##..............#
#...............#
#.........g......#.#
.$.##.......g.g.....#
##.....oooo.o...####
..###########..# ..
#..@5.## .
........#####
########


You could see Grinder.

Vanquished Creatures
  An ogre (D:2)
  An adder (D:2)
  3 oozes
  A worm (D:2)
  A dart slug (D:2)
  2 leopard geckos (D:2)
  5 orcs (D:3)
  13 giant cockroaches (D:2)
  5 goblins
  5 hobgoblins
  A quokka (D:2)
  5 bats
  4 frilled lizards
  3 kobolds (D:1)
  5 rats
55 creatures vanquished.

Notes
Turn   | Place    | Note
-------+----------+-------------------------------------------
     0 | D:1      | Psiloshibe the Barachi Berserker began the quest for the Orb.
     0 | D:1      | Reached XP level 1. HP: 18/18 MP: 1/1
   184 | D:1      | Reached XP level 2. HP: 19/25 MP: 2/2
   337 | D:1      | Reached skill level 4 in Long Blades
   757 | D:2      | Reached XP level 3. HP: 29/30 MP: 3/3
   765 | D:2      | Found an ornate altar of the Wu Jian Council.
   911 | D:2      | Reached ** piety under Trog
   996 | D:2      | HP: 1/30 [giant cockroach (1)]
  1049 | D:2      | Noticed an ogre
  1082 | D:2      | Reached XP level 4. HP: 38/38 MP: 4/4
  1085 | D:2      | Killed an ogre
  1085 | D:2      | Reached skill level 5 in Long Blades
  1085 | D:2      | Reached XP level 5. HP: 43/43 MP: 5/5
  1481 | D:3      | Noticed Grinder
  1550 | D:3      | Killed from afar by Grinder

Skill      XL: |  1  2  3  4  5 |
---------------+----------------+-----
Fighting       | 4 |  4.6
Long Blades    | 4 5 |  5.5
Armour         | 3 |  3.5
Dodging        | 3 |  3.0
Stealth        | |  0.3
Shields        | |  0.4

Action                   |  1- 3 |  4- 6 || total
-------------------------+-------+-------++-------
Melee: Falchion          |   109 |    98 ||   207
Invok: Trog's Hand       |     3 |       ||     3
       Berserk           |     1 |       ||     1
 Abil: Hop               |     1 |       ||     1
  Use: Scroll            |     1 |       ||     1
       Potion            |     1 |       ||     1
  Eat: Chunk             |     2 |     3 ||     5
Armor: Leather armour    |    15 |       ||    15
       Chain mail        |    50 |    36 ||    86
Dodge: Dodged            |    96 |    30 ||   126
Block: Shield            |     5 |    34 ||    39
       Rpst.: Falchion   |    29 |     7 ||    36
